 Dungeon Crawl Stone Soup version 0.25-a0-565-g8875c97ebb (webtiles) character file.

Game seed: 3019970587594498213, levelgen mode: deterministic

7324 Flugslaktarn the Cleaver (level 10, 0/99 HPs)
             Began as a Deep Dwarf Fighter on Feb 26, 2020.
             Was a Priest of Makhleb.
             Slain by a 12-headed hydra (9 damage)
             ... on level 11 of the Dungeon.
             The game lasted 00:04:07 (5092 turns).

Flugslaktarn the Cleaver (Deep Dwarf Fighter)       Turns: 5092, Time: 00:04:08

Health: 0/99       AC: 15    Str: 23    XL:     10   Next: 90%
Magic:  8/8        EV:  8    Int: 12    God:    Makhleb [***...]
Gold:   259        SH: 11    Dex: 12    Spells: 9/9 levels left

rFire    + . .     SeeInvis .   a - +1 war axe
rCold    + . .     Gourm    .   y - +0 kite shield {AC+3}
rNeg     . . .     Faith    .   l - +2 scale mail "Xeenteat" {rF+ Int+3 Slay+3}
rPois    +         Spirit   .   (no helmet)
rElec    .         Reflect  .   (no cloak)
rCorr    .         Harm     .   p - +1 pair of gloves
MR       +....                  (no boots)
Stlth    ..........             (no amulet)
HPRegen  0.00/turn              c - ring of protection from cold
MPRegen  0.11/turn              o - ring of poison resistance

@: about to teleport, non-regenerating
A: damage resistance, heal wounds, sense surroundings 2, no regeneration
a: Heal Wounds, Minor Destruction, Lesser Servant of Makhleb, Renounce Religion


You were on level 11 of the Dungeon.
You worshipped Makhleb.
Makhleb was most pleased with you.
You were not hungry.

You visited 2 branches of the dungeon, and saw 12 of its levels.

You collected 416 gold pieces.
You spent 157 gold pieces at shops.

Inventory:

Hand Weapons
 a - a +1 war axe (weapon)
Missiles
 x - a throwing net (quivered)
Armour
 k - a +1 chain mail
   (You found it on level 5 of the Dungeon)
 l - the +2 scale mail "Xeenteat" (worn) {rF+ Int+3 Slay+3}
   (You found it on level 4 of the Dungeon)

   It affects your intelligence (+3).
   It affects your accuracy and damage with ranged weapons and melee attacks
   (+3).
   It protects you from fire.
   If you remove this armour, your AC will decrease by 10 (15 -> 5).
 p - a +1 pair of gloves (worn)
   (You found it on level 4 of the Dungeon)
 s - a +0 kite shield
 y - a +0 kite shield of protection (worn)
   (You bought it in a shop on level 7 of the Dungeon)
Jewellery
 b - a +3 ring of dexterity
   (You found it on level 5 of the Dungeon)
 c - a ring of protection from cold (left hand)
   (You took it off an orc on level 10 of the Dungeon)
 o - a ring of poison resistance (right hand)
   (You found it on level 7 of the Dungeon)
Scrolls
 j - a scroll of enchant weapon
 m - a scroll of magic mapping
 t - 2 scrolls of teleportation
 w - a scroll of remove curse
Potions
 d - 2 potions of might
 f - a potion of berserk rage
 g - a potion of ambrosia {unknown}
 h - 3 potions of haste
 i - 2 potions of lignification
 n - 3 potions of magic
 q - 2 potions of curing
 u - a potion of brilliance
 v - a potion of invisibility
 z - a potion of resistance {unknown}
Comestibles
 e - 12 rations
 r - 6 chunks of flesh


   Skills:
 * Level 9.0 Fighting
 * Level 10.3 Axes
 + Level 7.9 Armour
 + Level 7.9 Shields
 + Level 6.7 Invocations


You had 9 spell levels left.
You didn't know any spells.
Your spell library was empty.

Dungeon Overview and Level Annotations

Branches:
Dungeon (11/15)            Temple (1/1) D:7            Lair (0/6) D:10
    Orc (0/2) D:10

Altars:
Ashenzari
Cheibriados
Dithmenos
Elyvilon
Fedhas
Gozag
Hepliaklqana
Kikubaaqudgha
Makhleb
Nemelex Xobeh
Okawaru
Ru
Sif Muna
Trog
Uskayaw
Wu Jian
Xom
Yredelemnul
Zin
The Shining One

Shops:
D:7 [

Annotations:
D:6 2 runed translucent doors, zikan's ghost, novice DECj


Innate Abilities, Weirdness & Mutations

You are resistant to damage.
You can heal yourself by infusing magical energy.
You passively map the area around you.
You do not regenerate.


Message History

* * * LOW HITPOINT WARNING * * *
You feel much better. You block the 12-headed hydra's attack.
The 12-headed hydra bites you. The 12-headed hydra barely misses you.
The 12-headed hydra bites you but does no damage. x2
You block the 12-headed hydra's attack. The 12-headed hydra bites you. x2
The 12-headed hydra bites you but does no damage. x2
The 12-headed hydra closely misses you. The 12-headed hydra bites you!
As you read the scroll of teleportation, it crumbles to dust.
You feel strangely unstable. You block the 12-headed hydra's attack.
The 12-headed hydra completely misses you.
The 12-headed hydra bites you. The 12-headed hydra bites you!
* * * LOW HITPOINT WARNING * * *
The 12-headed hydra bites you!
* * * LOW HITPOINT WARNING * * *
The 12-headed hydra bites you.
* * * LOW HITPOINT WARNING * * *
The 12-headed hydra bites you!
* * * LOW HITPOINT WARNING * * *
The 12-headed hydra bites you!
You die...

## , , ,, ,,, * .## ** * , ,
###...... ..# ###### .........
..###....# , .........
.###.....## ##........ ,
..(.......# #.........
.....####.### ######.........,
,
.......##...####...##.........,
........#..>....@D5.#.†...><..
...........########..###...%..,
....>......# ##..# ##...
...........# ##..# * .
....#####..# #..# , * ..###
#..# #... * ...#### #..# ....,
,, , ##....###..## * ....
##....###..## ,,....


You could see a 12-headed hydra and a crimson imp.

Vanquished Creatures
  2 two-headed ogres
  A cyclops (D:10)
  A troll (D:10)
  A vampire (D:10)
  A wyvern (D:10)
  2 hungry ghosts (D:8)
  A swamp drake (D:10)
  A sky beast (D:10)
  3 ice beasts
  5 orc warriors
  An eye of draining (D:9)
  6 ogres
  A phantom (D:6)
  8 centaurs
  A big kobold (D:8)
  5 bullfrogs
  A scorpion (D:5)
  A water moccasin skeleton (D:8)
  10 killer bees
  6 howler monkeys
  5 crimson imps
  3 centaur zombies
  6 orc priests
  2 hounds
  4 jellies
  7 orc wizards
  2 iguanas
  7 worker ants
  A killer bee zombie (D:10)
  A worker ant zombie (D:7)
  7 adders
  2 shadow imps (D:6)
  2 adder zombies
  2 dart slugs
  6 leopard geckos
  42 orcs
  3 giant cockroaches
  2 goblins
  2 hobgoblins
  6 jackals
  3 quokkas
  A frilled lizard (D:4)
  A jackal zombie (D:5)
  5 kobolds (D:8)
  2 leopard gecko skeletons
  A leopard gecko zombie (D:8)
183 creatures vanquished.

Vanquished Creatures (others)
  A fungus (D:8)
  A plant (D:8)
2 creatures vanquished.

Grand Total: 185 creatures vanquished

Notes
Turn   | Place    | Note
-------+----------+-------------------------------------------
     0 | D:1      | Flugslaktarn the Deep Dwarf Fighter began the quest for the
                  | Orb.
     0 | D:1      | Reached XP level 1. HP: 20/20 MP: 1/1
   170 | D:3      | Reached XP level 2. HP: 27/27 MP: 2/2
   318 | D:5      | Entered Level 5 of the Dungeon
   335 | D:5      | Reached skill level 3 in Axes
   335 | D:5      | Reached XP level 3. HP: 34/34 MP: 2/2
   352 | D:5      | Noticed a scorpion
   361 | D:5      | Killed a scorpion
   361 | D:5      | Reached XP level 4. HP: 36/42 MP: 3/3
   504 | D:5      | Reached XP level 5. HP: 30/50 MP: 3/3
   506 | D:5      | Reached skill level 4 in Axes
   792 | D:3      | Found a glowing golden altar of the Shining One.
  1034 | D:4      | Got an ichor-stained scale mail
  1045 | D:4      | Identified the +2 scale mail "Xeenteat" {rF+ Int+3 Slay+3}
                  | (You found it on level 4 of the Dungeon)
  1522 | D:6      | Noticed a phantom
  1524 | D:6      | Noticed an orc warrior
  1528 | D:6      | Reached XP level 6. HP: 41/57 MP: 4/4
  1541 | D:6      | Killed an orc warrior
  1541 | D:6      | Reached skill level 5 in Axes
  1582 | D:6      | Reached XP level 7. HP: 60/66 MP: 5/5
  1640 | D:6      | Found a white marble altar of Elyvilon.
  1640 | D:6      | Noticed an angel
  1641 | D:6      | Found a runed translucent door.
  1661 | D:6      | Reached skill level 5 in Fighting
  1693 | D:6      | Found a runed translucent door.
  1693 | D:6      | Noticed zikan's ghost (novice DECj)
  1718 | D:6      | Reached skill level 5 in Armour
  1718 | D:6      | Reached skill level 5 in Shields
  1726 | D:6      | Reached skill level 6 in Axes
  1882 | D:6      | Reached XP level 8. HP: 46/75 MP: 6/6
  2485 | D:7      | Found a staircase to the Ecumenical Temple.
  2499 | Temple   | Entered the Ecumenical Temple
  2597 | Temple   | Became a worshipper of Makhleb the Destroyer
  2807 | D:7      | Found Uruxtogodu's Antique Armour Emporium.
  2812 | D:7      | Bought a glowing kite shield for 157 gold pieces
  2827 | D:7      | Reached skill level 1 in Invocations
  2851 | D:7      | Reached skill level 7 in Axes
  2859 | D:7      | Reached * piety under Makhleb
  3109 | D:8      | Gained mutation: You passively map the area around you.
                  | [Deep Dwarf growth]
  3109 | D:8      | Reached XP level 9. HP: 55/85 MP: 8/8
  3383 | D:8      | Reached skill level 8 in Axes
  3408 | D:8      | Noticed a two-headed ogre
  3423 | D:8      | Killed a two-headed ogre
  3449 | D:8      | Found a blossoming altar of Fedhas.
  3471 | D:8      | Found a white marble altar of Elyvilon.
  3472 | D:8      | Found a shimmering altar of Xom.
  3629 | D:9      | Noticed a two-headed ogre
  3649 | D:9      | Killed a two-headed ogre
  3649 | D:9      | Reached skill level 9 in Axes
  3649 | D:9      | Reached skill level 5 in Invocations
  3649 | D:9      | Reached XP level 10. HP: 32/96 MP: 2/9
  3707 | D:9      | Noticed a +0 dagger
  3708 | D:9      | Noticed a +0 dagger
  3709 | D:9      | Found a hide-covered altar of Uskayaw.
  4022 | D:9      | Reached ** piety under Makhleb
  4163 | D:10     | Entered Level 10 of the Dungeon
  4352 | D:10     | Noticed a cyclops
  4366 | D:10     | Reached *** piety under Makhleb
  4367 | D:10     | Reached skill level 10 in Axes
  4373 | D:10     | Killed a cyclops
  4529 | D:10     | Found a staircase to the Lair.
  4750 | D:10     | Found a staircase to the Orcish Mines.
  5074 | D:11     | Noticed an eight-headed hydra
  5092 | D:11     | Slain by a 12-headed hydra

Levels and vault maps discovered:
D:1:      erik_arrival_triangle_large, layout_loops_ring
D:2:      layout_loops_corners, old_standard_altar, first_ration
D:3:      layout_basic, old_standard_altar, nicolae_qazlal_general_emergency,
          mrwooster_statue_mirror
D:4:      layout_loops_ring
D:5:      layout_basic, hangedman_decor_lopped
D:6:      layout_loops_cross, ebering_ghost_reflecting_pool, lemuel_angel_altar
D:7:      layout_basic, minmay_temple_entry_tees, serial_shops, shop,
          minmay_misc_feat_tower
D:8:      layout_basic, fedhas_altar_3, gammafunk_temple_overflow_pools
D:9:      layout_layer_cave, dancing_weapons_uskayaw
D:10:     layout_cave_pools, lair_entry_dummy, erik_orc_1
D:11:     layout_layer_cave
Temple:   regret_index_temple_waves

Skill      XL: |  1  2  3  4  5  6  7  8  9 10 |
---------------+-------------------------------+-----
Fighting       | 3 4 5 6 7 9 |  9.0
Axes           | 3 4 5 6 7 9 10 | 10.3
Armour         | 4 5 6 7 |  7.9
Shields        | 4 5 6 7 |  7.9
Invocations    | 3 5 6 |  6.7

Action                   |  1- 3 |  4- 6 |  7- 9 | 10-12 || total
-------------------------+-------+-------+-------+-------++-------
Melee: War axe           |    55 |    79 |   262 |   210 ||   606
 Abil: Heal Wounds       |     1 |     6 |    20 |    14 ||    41
  Use: Scroll            |       |     6 |       |    14 ||    20
 Stab: Confused          |       |       |       |     1 ||     1
  Eat: Ration            |       |     1 |     1 |       ||     2
       Chunk             |       |       |    11 |     2 ||    13
Armor: Scale mail        |    15 |    48 |   122 |   140 ||   325
       Chain mail        |       |     9 |       |       ||     9
Dodge: Dodged            |    23 |    30 |    95 |    70 ||   218
Block: Kite shield       |    34 |    68 |   182 |   158 ||   442

Table legend:
 A = Non-vault XP
 B = Vault XP
 C = Vault XP percentage of total XP
 D = Non-vault monster count
 E = Vault monster count
 F = Vault count percentage of total count
                 A         B        C        D         E       F
            +---------+---------+-------+---------+---------+-------
      Total |    9874 |     590 |   5.6 |     166 |      17 |   9.3
            +---------+---------+-------+---------+---------+-------
        D:1 |       6 |       0 |   0.0 |       2 |       0 |   0.0
        D:2 |       4 |       0 |   0.0 |       2 |       0 |   0.0
        D:3 |      11 |       0 |   0.0 |       5 |       0 |   0.0
        D:4 |      62 |       0 |   0.0 |       7 |       0 |   0.0
        D:5 |     287 |       0 |   0.0 |      11 |       0 |   0.0
        D:6 |    1084 |       0 |   0.0 |      24 |       0 |   0.0
        D:7 |     826 |       0 |   0.0 |      31 |       0 |   0.0
        D:8 |    2460 |       0 |   0.0 |      31 |       0 |   0.0
        D:9 |    2036 |       0 |   0.0 |      19 |       0 |   0.0
       D:10 |    2872 |     590 |  17.0 |      26 |      17 |  39.5
       D:11 |     226 |       0 |   0.0 |       8 |       0 |   0.0
            +---------+---------+-------+---------+---------+-------
